 Dungeon Crawl Stone Soup version 0.28-a0-834-g1a73be5ee4 (webtiles) character file.

Game seed: 15032388207445604407

436 cheechan the Bolt Thrower (level 7, -9/46 HPs)
             Began as an Octopode Hunter on Nov 11, 2021.
             Killed from afar by Dowan (13 damage)
             ... with a shard of ice
             ... on level 4 of the Dungeon.
             The game lasted 00:18:23 (4160 turns).

cheechan the Bolt Thrower (Octopode Hunter)         Turns: 4160, Time: 00:18:24

Health: -9/46      AC:  1    Str: 12    XL:     7   Next: 1%
Magic:  7/7        EV: 14    Int: 14    God:
Gold:   91         SH:  0    Dex: 13    Spells: 6/6 levels left

rFire   . . .      SeeInvis .   j - +2 short sword (holy)
rCold   . . .      Faith    .   (no shield)
rNeg    . . .      Spirit   .   (helmet restricted)
rPois   .          Reflect  .   (no amulet)
rElec   .          Harm     .   (no ring)
rCorr   .          Rampage  .   (no ring)
Will    .....                   (no ring)
Stlth   +++.......              (no ring)
HPRegen 0.15/turn               (no ring)
MPRegen 0.10/turn               (no ring)
                                (no ring)
                                (no ring)

@: no status effects
A: almost no armour, amphibious, 8 rings, camouflage 1, gelatinous body 1,
(nimble swimmer 1), tentacles
a: no special abilities


You were on level 4 of the Dungeon.
You visited 1 branch of the dungeon, and saw 4 of its levels.

You collected 91 gold pieces.

Inventory:

Hand Weapons
 a - a +1 hand crossbow
 i - a +0 war axe
 j - a +2 short sword of holy wrath (weapon)
Missiles
 b - 38 arrows
 d - 5 poisoned darts (quivered)
 l - a bolt
Wands
 c - a wand of mindburst (10)
Scrolls
 e - a scroll of teleportation
 f - a scroll of enchant armour
 k - a scroll of noise
Potions
 g - 2 potions of curing {unknown}
 h - 2 potions of heal wounds {unknown}


   Skills:
 + Level 3.4 Fighting
 + Level 0.4 Short Blades
 + Level 6.6 Crossbows
 + Level 0.8 Throwing
 + Level 3.1 Dodging
 + Level 3.1 Stealth
 + Level 0.1 Evocations


You had 6 spell levels left.
You didn't know any spells.
Your spell library was empty.

Dungeon Overview and Level Annotations

Branches:
Dungeon (4/15)
 Temple: D:4-7

Altars:
Yredelemnul

Shops:
D:3 (

Annotations:
D:4 Dowan


Innate Abilities, Weirdness & Mutations

You cannot wear most types of armour.
You are amphibious.
You can wear up to eight rings at the same time.
Your skin changes colour to match your surroundings (Stealth+).
Your rubbery body absorbs attacks. (AC +1, EV +1)
((You are camouflaged near water. (Stealth+)))
You have tentacles for arms and can constrict up to eight enemies at once.


Message History

Duvessa resists with some effort.
You constrict Duvessa, but do no damage.
Dowan hits you with a +0 dagger. Duvessa barely misses you.
Aiming: Mindburst
Press: ? - help, Q - select action, (/) - cycle Shift-Dir - straight line, f/p - Duvessa
Aim: Duvessa, wielding a +0 rapier and wearing a +0 scale mail (moderately wounded, constricted by you, poisoned, chance to affect: 48%) Duvessa's mind is blasted!
You constrict Duvessa. Dowan hits you with a +0 dagger.
* * * LOW HITPOINT WARNING * * *
Duvessa misses you.
You hit Duvessa but do no damage.
Duvessa is almost dead.
You constrict Duvessa.
You kill Duvessa!
Dowan screams, "No!
Oh no!"
Dowan seems to find hidden reserves of power!
Dowan barely misses you. Dowan misses you.
Your Dodging skill increases to level 3!
Your Stealth skill increases to level 3!
You have reached level 7!
Press: ? - help, v - describe, . - travel
Here: Dowan, wielding a +0 dagger and wearing a +0 robe (fast)
The floor.
You miss Dowan. Your grab misses Dowan. You squeeze Dowan.
Dowan is moderately wounded.
Dowan hits you with a +0 dagger.
* * * LOW HITPOINT WARNING * * *
You hit Dowan. Your grab misses Dowan.
Dowan is moderately wounded.
Dowan hits you but does no damage. Dowan hits you with a +0 dagger.
* * * LOW HITPOINT WARNING * * *
You hit Dowan. You grab Dowan.
Dowan is heavily wounded.
You constrict Dowan. Dowan misses you.
You hit Dowan.
Dowan is severely wounded.
You constrict Dowan. Dowan gestures at you while chanting.
The shard of ice hits you!
You die...

##############
.......=..>..#
#.....#e#.#.#
#.....' #.#.##
#.....###.#..#
#....(#<#.#..##
#..e)#'#+#...#
###...@..).....#
#..............+
#..............#.
#................#
#..........#######
#..........#
#..........#
#..........#
#....[..)..#


You could see Dowan (fast).

Vanquished Creatures
  Duvessa (D:4)
  A scorpion (D:4)
  A water moccasin skeleton (D:4)
  Ijyb (D:3)
  14 adders
  An adder skeleton (D:4)
  2 worms (D:3)
  2 dart slugs
  2 orcs
  5 endoplasms
  7 goblins
  7 hobgoblins
  5 kobolds
  3 quokkas
  13 ball pythons
  5 bats
  A frilled lizard (D:2)
  2 rats
73 creatures vanquished.

Notes
Turn   | Place    | Note
-------+----------+-------------------------------------------
     0 | D:1      | cheechan the Octopode Hunter began the quest for the Orb.
     0 | D:1      | Reached XP level 1. HP: 14/14 MP: 1/1
   171 | D:1      | Reached XP level 2. HP: 17/19 MP: 2/2
  1371 | D:2      | Found a faded altar of an unknown god.
  1491 | D:2      | Reached XP level 3. HP: 24/24 MP: 3/3
  1689 | D:2      | Reached skill level 5 in Crossbows
  1717 | D:2      | Reached XP level 4. HP: 23/29 MP: 4/4
  2190 | D:2      | Reached XP level 5. HP: 35/35 MP: 5/5
  2888 | D:3      | Found a basalt altar of Yredelemnul.
  3263 | D:3      | Reached skill level 6 in Crossbows
  3339 | D:3      | Found Nulonk's Antique Weapon Boutique.
  3518 | D:3      | Noticed Ijyb
  3529 | D:3      | Killed Ijyb
  3530 | D:3      | Reached XP level 6. HP: 16/41 MP: 6/6
  4005 | D:4      | Noticed Dowan
  4146 | D:4      | Noticed Duvessa
  4156 | D:4      | Killed Duvessa
  4157 | D:4      | Reached XP level 7. HP: 11/46 MP: 7/7
  4160 | D:4      | Killed from afar by Dowan

Illustrated notes

Levels and vault maps discovered:
D:1:      pf_arrival_petrified_forest, layout_basic, serial_rivers,
          chequers_serial_rivers_small_b, chequers_serial_rivers_small_a,
          chequers_serial_rivers_room_b, chequers_serial_rivers_micro_e,
          kennysheep_nondescript
D:2:      minmay_chambers_of_ones, layout_loops_ring,
          shapermc_ecumenical_altar_hornbeckon, chequers_serial_rivers_room_a,
          grunt_ministairs_9, minmay_snake_closets
D:3:      layout_basic, old_standard_altar, serial_shops, shop, uniq_ijyb
D:4:      layout_basic, serial_shops, shop, hangedman_abyss_or_decor_slice,
          sigmund_edmund_badplayer, uniq_duvessa

Skill      XL: |  1  2  3  4  5  6 |
---------------+-------------------+-----
Crossbows      | 5 6 |  6.6
Stealth        | 2 3 |  3.1
Fighting       | 3 |  3.4
Dodging        | 3 |  3.1
Short Blades   | |  0.4
Throwing       | |  0.8
Evocations     | |  0.1

Action                   |  1- 3 |  4- 6 |  7- 9 || total
-------------------------+-------+-------+-------++-------
Melee: Hand crossbow     |     9 |    41 |       ||    50
       Constrict         |     4 |    15 |     1 ||    20
       Tentacles         |     2 |    11 |     1 ||    14
       Short sword       |       |    21 |     4 ||    25
 Fire: Hand crossbow     |    61 |    76 |       ||   137
Throw: Dart              |       |    10 |       ||    10
Evoke: Wand              |       |     3 |       ||     3
  Use: Scroll            |     3 |     5 |       ||     8
 Stab: Sleeping          |       |     2 |       ||     2
Armor: Skin              |     6 |    13 |     1 ||    20
Dodge: Dodged            |    30 |    95 |     1 ||   126

Table legend: (Time is in decaauts)
 A = Elapsed time spent in this place.
 B = Non-inter-level travel time spent in this place.
 C = Inter-level travel time spent in this place.
 D = Time resting spent in this place.
 E = Time spent auto-exploring this place.
 F = Levels seen in this place.
 G = Mean time per level.
                   A        B        C        D        E       F      G
               +--------+--------+--------+--------+--------+-----+--------+
         Total |   4219 |   4219 |      0 |    926 |      0 |   4 | 1054.8 |
       Dungeon |   4219 |   4219 |      0 |    926 |      0 |   4 | 1054.8 |
               +--------+--------+--------+--------+--------+-----+--------+

Top non-repeatable levels by time:
     D:2: 1429 daAuts
     D:1: 1287 daAuts
     D:3: 1188 daAuts
     D:4: 314 daAuts
